Map: 锈化山巅-天梯版

Players

Soularium

  • Race: Terran Terran

wanted - Winner!

  • Race: Zerg Zerg

Event: DreamHack SC2 Masters 2020 Winter

VOD

Have the link to the VOD?

Description

Time

  • Played on: Oct. 18, 2020, 9:24 a.m.
  • Length: 10:31

All games in this series

Show
View Real Time Build Order
Export as new Build Order

Soularium Terran 

Build Orders: Liberator Opening, Reaper Expand 

Get SALT Encoding   

  12  0:00  SCV  
  13  0:12  SCV  
  14  0:17  Supply Depot  
  14  0:24  SCV  
  15  0:38  SCV  
  15  0:39  Barracks  
  16  0:43  Refinery  
  16  0:51  SCV  
  17  1:03  SCV  
  18  1:15  SCV  
  19  1:26  Reaper  
  19  1:27  Orbital Command  
  20  1:39  Command Center  
  20  1:50  Supply Depot  
  20  1:52  SCV  
  21  1:58  Marine  
  22  2:03  Factory  
  22  2:08  SCV  
  22  2:14  Refinery  
  23  2:20  Barracks Reactor  
  23  2:21  SCV  
  24  2:33  SCV  
  25  2:45  SCV  
  25  2:50  Starport  
  26  2:51  Orbital Command  
  26  2:57  SCV  
  27  3:03  Hellion x2  
  27  3:04  Marine  
  32  3:09  SCV  
  33  3:13  Supply Depot  
  33  3:18  SCV  
  34  3:21  SCV  
  34  3:25  Widow Mine x2  
  39  3:28  Medivac  
  39  3:29  Marine  
  39  3:30  SCV  
  39  3:34  SCV  
  44  3:37  Armory  
  44  3:42  SCV  
  44  3:47  Widow Mine x2  
  49  3:49  Barracks Tech Lab  
  49  3:52  SCV  
  49  3:54  Supply Depot  
  50  3:58  SCV, Supply Depot  
  51  4:04  SCV  
  52  4:10  Hellion  
  52  4:15  Hellion  
  52  4:16  Liberator  
  59  4:19  SCV x2  
  59  4:21  Supply Depot  
  62  4:31  SCV x2  
  62  4:32  Hellion  
  62  4:36  Marine  
  62  4:37  Hellion  
  68  4:47  Command Center  
  68  4:49  SCV x2  
  63  5:01  SCV  
  58  5:07  SCV  
  58  5:08  Hellion x2  
  58  5:09  Barracks x2  
  58  5:13  SCV  
  56  5:17  Marine x2  
  56  5:18  Siege Tank  
  56  5:19  SCV, Starport Reactor  
  59  5:23  Engineering Bay, Refinery  
  59  5:25  SCV, Supply Depot, Engineering Bay  
  60  5:31  SCV  
  60  5:35  Marine x2  
  61  5:37  SCV  
  61  5:38  Supply Depot  
  61  5:39  Refinery  
  61  5:43  SCV  
  61  5:45  Drilling Claws  
  61  5:49  SCV  
  63  5:50  Widow Mine, Factory  
  63  5:51  Terran Infantry Weapons Level 1  
  63  5:53  Marine x2  
  63  5:55  SCV, Hellion x2  
  68  5:59  Barracks Tech Lab  
  68  6:01  SCV, Orbital Command  
  69  6:05  Barracks Tech Lab  
  69  6:07  SCV  
  69  6:11  Marine x2  
  71  6:12  Widow Mine  
  71  6:13  SCV, Medivac  
  77  6:19  SCV  
  77  6:25  SCV, Marine x2  
  80  6:27  Stimpack  
  80  6:31  SCV  
  82  6:33  Widow Mine  
  82  6:34  Supply Depot  
  82  6:35  Factory Reactor  
  82  6:38  SCV, Combat Shield  
  82  6:39  Marine x2  
  86  6:43  SCV  
  86  6:45  Orbital Command  
  88  6:50  SCV  
  89  6:55  Supply Depot x2, Widow Mine  
  89  6:56  SCV  
  89  7:00  Marauder, Marine x2  
  96  7:02  SCV  
  96  7:03  Marine  
  96  7:08  SCV  
  94  7:14  SCV  
  93  7:17  Marine  
  93  7:18  Marine  
  93  7:20  SCV  
  93  7:21  Marauder  
  93  7:22  Siege Tank  
  101  7:23  Widow Mine x2  
  101  7:26  SCV  
  101  7:29  Barracks x2  
  106  7:32  SCV, Medivac x2  
  106  7:33  Marauder  
  113  7:37  Marine x2  
  113  7:38  SCV  
  113  7:42  SCV  
  111  7:44  SCV  
  111  7:50  SCV  
  111  7:51  Marauder  
  115  7:54  SCV, Marine  
  115  7:55  Marine  
  115  7:56  SCV, Command Center  
  115  7:58  Widow Mine x3  
  125  8:02  SCV, Medivac x2  
  130  8:07  SCV  
  130  8:08  SCV  
  130  8:10  Refinery  
  130  8:12  Marauder, Marine x2  
  125  8:15  Marine  
  108  8:20  SCV x2  
  108  8:23  SCV  
  102  8:30  Marine x2  
  102  8:31  Barracks Reactor x2  
  102  8:32  SCV, Medivac x2  
  102  8:33  SCV, Marine x2  
  110  8:35  SCV  
  111  8:44  SCV  
  111  8:48  Marine  
  112  8:49  Marauder  
  112  8:50  SCV x2  
  112  8:51  Marine  
  112  8:54  Barracks  
  112  8:55  Marine  
  119  8:56  Barracks  
  119  8:57  Barracks  
  119  9:02  Medivac  
  118  9:06  Marine  
  118  9:07  Marine x2  
  118  9:09  Marauder, Orbital Command, Widow Mine, Marine  
  114  9:12  SCV  
  114  9:13  Marine  
  114  9:15  Marine  
  114  9:16  Marine  
  115  9:18  SCV  
  115  9:24  Marine  
  112  9:25  Marine x2  
  112  9:27  Marine  
  112  9:28  SCV  
  112  9:30  Marine  
  112  9:31  Marine, Widow Mine  
  108  9:33  Marine  
  108  9:34  Marine  
  107  9:41  Marine  
  107  9:42  Marine  
  107  9:43  SCV  
  107  9:45  SCV x2  
  102  9:46  Marauder  
  102  9:48  Barracks Tech Lab  
  102  9:49  Marauder, Barracks Tech Lab  
  106  9:53  Medivac  
  106  9:54  Medivac  
  106  9:57  SCV x2  
  112  10:10  Marine  
  112  10:11  Marine x2  
  112  10:13  Missile Turret  
  104  10:23  Missile Turret  
Show
View Real Time Build Order
Export as new Build Order

wanted Zerg - Winner!

Build Orders: Hatch First, Muta Ling Bane 

Get SALT Encoding   

  12  0:00  Drone  
  13  0:08  Drone  
  14  0:17  Overlord  
  14  0:23  Drone, Extractor  
  15  0:36  Drone  
  16  0:47  Hatchery  
  15  0:51  Drone  
  15  0:54  Drone  
  17  0:58  Drone  
  18  1:10  Extractor  
  17  1:14  Spawning Pool  
  17  1:17  Drone  
  17  1:19  Drone  
  18  1:26  Drone  
  19  1:38  Drone  
  20  1:52  Hatchery, Drone  
  20  2:00  Queen  
  22  2:05  Zergling x2  
  22  2:06  Zergling x2  
  24  2:10  Zergling x2  
  25  2:18  Queen  
  27  2:24  Overlord  
  27  2:32  Drone, Metabolic Boost  
  28  2:44  Drone x4  
  28  2:51  Queen  
  32  2:56  Drone x2  
  36  3:05  Queen  
  36  3:08  Overlord  
  36  3:11  Drone  
  39  3:14  Overlord  
  39  3:17  Drone  
  41  3:20  Drone  
  41  3:27  Overlord  
  41  3:28  Overlord  
  41  3:32  Drone x2  
  43  3:34  Drone  
  43  3:35  Drone  
  43  3:40  Queen  
  47  3:48  Drone  
  47  3:49  Drone x3  
  47  3:54  Queen  
  53  3:57  Zergling x2  
  53  4:00  Baneling Nest  
  53  4:02  Zergling x4  
  55  4:07  Zergling x2  
  55  4:10  Drone x5  
  55  4:14  Overlord  
  55  4:17  Drone x2  
  62  4:24  Zergling x6  
  62  4:27  Overlord x2  
  62  4:30  Spore Crawler  
  64  4:37  Spore Crawler  
  63  4:40  Spore Crawler  
  63  4:41  Drone x4  
  58  4:53  Zergling x8  
  62  5:02  Drone x3  
  65  5:07  Drone x2  
  65  5:11  Drone x5  
  65  5:13  Drone  
  73  5:17  Lair  
  73  5:24  Drone x5  
  78  5:32  Drone x3  
  81  5:37  Drone x2  
  83  5:44  Extractor  
  83  5:45  Extractor  
  83  5:46  Extractor  
  83  5:47  Extractor x2  
  78  5:50  Drone x7  
  78  5:53  Drone x2  
  87  6:01  Spore Crawler  
  87  6:03  Hatchery  
  85  6:08  Drone x3  
  88  6:12  Hatchery  
  88  6:13  Evolution Chamber  
  88  6:15  Zergling x8  
  88  6:16  Evolution Chamber  
  88  6:18  Overseer  
  89  6:19  Pneumatized Carapace  
  89  6:21  Centrifical Hooks  
  89  6:30  Zergling x2  
  89  6:32  Overlord x4  
  89  6:36  Overlord x2  
  89  6:52  Zergling x10, Zerg Melee Weapons Level 1, Zerg Ground Armor Level 1  
  89  6:53  Spire  
  93  6:58  Evolution Chamber  
  92  7:06  Zergling x2  
  92  7:07  Zergling x14  
  99  7:10  Overseer  
  99  7:13  Drone x2  
  99  7:18  Drone x7  
  102  7:25  Overlord  
  102  7:26  Queen  
  102  7:27  Drone x3  
  102  7:29  Baneling x4  
  107  7:33  Zergling x8  
  111  7:43  Baneling x7  
  111  7:45  Zergling x12  
  111  7:50  Baneling x4  
  117  7:51  Overseer  
  117  7:57  Drone x9  
  126  7:59  Spore Crawler  
  125  8:09  Zergling x8  
  125  8:10  Zergling x12  
  131  8:17  Zergling x12  
  120  8:25  Zergling x4  
  120  8:26  Zergling x10  
  120  8:29  Zerg Flyer Weapons Level 1  
  120  8:32  Mutalisk  
  120  8:33  Mutalisk x2  
  126  8:34  Baneling x7  
  126  8:35  Baneling  
  126  8:37  Mutalisk  
  126  8:38  Mutalisk  
  126  8:40  Overseer  
  130  8:45  Mutalisk x4, Overseer  
  138  8:49  Overlord  
  138  8:56  Drone x4  
  142  9:05  Zergling x2  
  142  9:06  Zergling x16  
  139  9:11  Mutalisk x3  
  139  9:15  Zergling x8  
  142  9:18  Zergling x6  
  142  9:23  Mutalisk x2  
  142  9:26  Zergling x8  
  142  9:30  Zergling x6  
  142  9:37  Mutalisk x2  
  140  9:42  Zergling x16  
  146  9:48  Zergling x10  
  146  9:52  Baneling x11  
  151  9:56  Zergling x8  
  155  10:00  Baneling x5  
  155  10:03  Zergling x4  
  157  10:08  Extractor  
  157  10:12  Zergling x8  
  155  10:31  Hatchery  
Tags
 
Add a new tag
Caveats
  • Supply blocks, unpowered buildings, or Contaminate may cause inaccurate times.
  • Supply counts are checked every 10 seconds.